 Dungeon Crawl Stone Soup version 0.23-a0-837-ga3e6480 (webtiles) character file.

539 tidbits the Protected (level 7, 0/52 HPs)
             Began as a Gnoll Wanderer on Jan 24, 2019.
             Killed by nerve-wracking pain
             ... invoked by a shadow imp
              (13 damage)
             ... on level 4 of the Dungeon.
             The game lasted 00:13:37 (1142 turns).

tidbits the Protected (Gnoll Wanderer)              Turns: 1142, Time: 00:13:38

Health: 0/52       AC: 11    Str: 16    XL:     7   Next: 26%
Magic:  10/10      EV:  9    Int: 14    God:
Gold:   107        SH: 10    Dex: 15    Spells: 10/10 levels left

rFire    . . .     SeeInvis .   a - +2 dagger (venom)
rCold    + . .     Gourm    .   D - +0 shield
rNeg     . . .     Faith    .   B - +2 scale mail
rPois    .         Spirit   .   E - +0 helmet
rElec    .         Reflect  .   (no cloak)
rCorr    .         Harm     .   (no gloves)
MR       .....                  (no boots)
Stlth    +.........             (no amulet)
HPRegen  0.17/turn              e - ring of protection from cold
MPRegen  0.12/turn              (no ring)

@: no status effects
A: distributed training, fangs 1, strong nose
a: no special abilities


You were on level 4 of the Dungeon.
You were not hungry.

You visited 1 branch of the dungeon, and saw 5 of its levels.

You collected 107 gold pieces.

Inventory:

Hand Weapons
 a - a +2 dagger of venom (weapon)
   (You took it off a goblin on level 1 of the Dungeon)
 b - a +0 spear
 c - a +0 flail
 p - a +0 hunting sling
Missiles
 d - 7 needles of confusion
 h - 23 sling bullets
 o - 13 bolts
 q - 64 stones (quivered)
Armour
 r - a +0 ring mail
 u - a +0 buckler
 B - a +2 scale mail (worn)
 D - a +0 shield (worn)
 E - a +0 helmet (worn)
Jewellery
 e - a ring of protection from cold (left hand)
   (You found it on level 2 of the Dungeon)
Scrolls
 g - a scroll of remove curse {unknown}
 i - 2 scrolls of fear
 s - a scroll of enchant weapon
 t - 3 scrolls of teleportation
Potions
 j - 2 potions of agility
 k - a potion of degeneration {!q}
 l - a potion of lignification
 m - a potion of heal wounds
 n - a potion of berserk rage
 v - 2 potions of might {unknown}
Comestibles
 f - a ration


   Skills:
 + Level 3.5 Fighting
 + Level 2.3 Short Blades
 + Level 2.3 Long Blades
 + Level 2.3 Axes
 + Level 2.3 Maces & Flails
 + Level 2.3 Polearms
 + Level 2.3 Staves
 + Level 2.3 Slings
 + Level 3.5 Bows
 + Level 2.3 Crossbows
 + Level 2.3 Throwing
 + Level 8.9 Armour
 + Level 3.5 Dodging
 + Level 3.3 Stealth
 + Level 5.1 Shields
 + Level 2.3 Unarmed Combat
 + Level 2.3 Spellcasting
 + Level 1.9 Conjurations
 + Level 1.9 Hexes
 + Level 1.9 Charms
 + Level 1.9 Summonings
 + Level 1.9 Necromancy
 + Level 1.9 Translocations
 + Level 1.9 Transmutations
 + Level 1.9 Fire Magic
 + Level 1.9 Ice Magic
 + Level 1.9 Air Magic
 + Level 1.9 Earth Magic
 + Level 1.9 Poison Magic
 + Level 2.5 Invocations
 + Level 2.3 Evocations


You had 10 spell levels left.
You didn't know any spells.
Your spell library was empty.

Dungeon Overview and Level Annotations

Branches:
Dungeon (5/15)
 Temple: D:4-7

Altars:
Elyvilon
Wu Jian


Innate Abilities, Weirdness & Mutations

Your experience applies equally to all skills.
You have very sharp teeth.
Your uncanny sense of smell can sniff out nearby items.


Message History

Unknown command.
As you read the scroll of magic mapping, it crumbles to dust.
You feel aware of your surroundings.
You sensed 2 altars.
Unknown command.
Unknown command.
You climb upwards.
There is a stone staircase leading down here.
Unknown command.
Found 14 gold pieces.
Unknown command.
Found a cyan potion.
You see here 14 gold pieces.
You now have 107 gold pieces (gained 14).
There is a shaft here.
Found a leather armour.
You see here a cyan potion.
m - a cyan potion
Found a scroll of identify.
You see here a scroll of identify.
As you read the scroll of identify, it crumbles to dust.
m - a potion of heal wounds
Found 15 arrows.
Unknown command.
Unknown command.
Unknown command.
Found 2 fuming black potions.
Found a stone staircase leading down.
A hound comes into view.
The hound barks!
You see here 2 fuming black potions.
v - 2 fuming black potions You hit the hound but do no damage.
The hound is poisoned.
You block the hound's attack.
You closely miss the hound. You block the hound's attack. The hound bites you.
You barely miss the hound.
The hound is lightly wounded.
The hound barely misses you.
You hit the hound.
The hound looks even sicker.
Your bite misses the hound.
The hound is lightly wounded.
The hound bites you but does no damage.
You hit the hound.
The hound looks as sick as possible!
You bite the hound.
The hound is heavily wounded.
The hound bites you but does no damage. x2
You hit the hound.
The hound is almost dead.
You kill the hound!
There is a stone staircase leading down here.
You climb downwards.
A worker ant, an orc and a shadow imp come into view.
The shadow imp shouts, "Fly, thou puny ruttish malt-worm!"
The worker ant bites you but does no damage.
Found a stone staircase leading up.
There is a stone staircase leading up here.
Your shield and scale mail prevent you from hitting the worker ant.
The orc shouts!
You block the worker ant's attack.
You hit the worker ant.
You bite the worker ant, but do no damage.
The worker ant is lightly wounded.
You block the worker ant's attack.
An ice beast comes into view.
The worker ant bites you.
The shadow imp hits you but does no damage.
The worker ant bites you but does no damage.
You climb upwards.
There is a stone staircase leading down here.
Unknown command.
Unknown command.
You hit the worker ant.
The worker ant is lightly wounded.
The shadow imp hits you. You block the worker ant's attack.
You closely miss the worker ant. Your bite misses the worker ant.
The worker ant is lightly wounded.
You block the shadow imp's attack.
The worker ant bites you but does no damage.
You hit the worker ant but do no damage.
The worker ant is lightly wounded.
The worker ant bites you but does no damage.
The shadow imp gestures at you. Pain shoots through your body!
* * * LOW HITPOINT WARNING * * *
Your shield and scale mail prevent you from hitting the worker ant.
The worker ant is lightly wounded.
The worker ant bites you but does no damage.
The shadow imp hits you.
* * * LOW HITPOINT WARNING * * *
You hit the worker ant.
The worker ant is poisoned.
The worker ant is moderately wounded.
The worker ant bites you.
* * * LOW HITPOINT WARNING * * *
The shadow imp closely misses you.
You closely miss the worker ant. You bite the worker ant.
The worker ant is severely wounded.
You block the worker ant's attack. The shadow imp hits you.
* * * LOW HITPOINT WARNING * * *
You hit the worker ant.
You kill the worker ant!
The shadow imp gestures at you. Pain shoots through your body!
You die...

*.......#,,..#,,,*,...#######.#
#,......#,,..#*,,,,...........#
**#.#...#.#,...#*****##..........
,,........#,...,,,,,*............
,,,,..........,,,,,,,.#.#..#.....
,,,**#.#..#.#######,###.#.,#.....
,,,* #............#,#......#.....
,,,* #.#..#######.#,#.#.##.#.^...
,..###.........†@.#.#.#.#........
*,#............5....#.#.#..#.#...
*,######.############.#.#..#.#...
*...(......................#.#...
*####################.#......#...
*,............[..#....#...
*,############.#.#..#.#... *,*
#........#,,, *,* ###.#....#,,,


You could see a shadow imp.

Vanquished Creatures
  Sigmund (D:2)
  An ogre (D:3)
  2 hounds
  An orc wizard (D:3)
  2 orc priests (D:3)
  An iguana (D:3)
  A worker ant (D:4)
  Robin (D:3)
  A gnoll (D:3)
  2 adders (D:2)
  An adder skeleton (D:4)
  3 worms (D:2)
  A dart slug (D:2)
  2 leopard geckos (D:3)
  An orc (D:3)
  4 giant cockroaches
  13 goblins
  7 hobgoblins
  A quokka (D:2)
  A ball python (D:2)
  3 bats
  3 frilled lizards
  9 kobolds
  6 rats
68 creatures vanquished.

Vanquished Creatures (others)
  A quokka (D:2)
1 creature vanquished.

Grand Total: 69 creatures vanquished

Notes
Turn   | Place    | Note
-------+----------+-------------------------------------------
     0 | D:1      | tidbits the Gnoll Wanderer began the quest for the Orb.
     0 | D:1      | tidbits set off with the following items: a +2 scale mail,
                  | a potion of lignification, a +0 buckler, a +0 club, a
                  | ration
     0 | D:1      | Reached XP level 1. HP: 17/17 MP: 1/1
   142 | D:1      | Reached XP level 2. HP: 23/23 MP: 2/2
   217 | D:2      | Reached XP level 3. HP: 27/28 MP: 3/3
   284 | D:2      | Noticed Sigmund
   301 | D:2      | Killed Sigmund
   301 | D:2      | Reached skill level 3 in Fighting
   301 | D:2      | Reached skill level 1 in Short Blades
   301 | D:2      | Reached skill level 1 in Long Blades
   301 | D:2      | Reached skill level 1 in Axes
   301 | D:2      | Reached skill level 1 in Maces & Flails
   301 | D:2      | Reached skill level 1 in Polearms
   301 | D:2      | Reached skill level 1 in Staves
   301 | D:2      | Reached skill level 1 in Slings
   301 | D:2      | Reached skill level 3 in Bows
   301 | D:2      | Reached skill level 1 in Crossbows
   301 | D:2      | Reached skill level 1 in Throwing
   301 | D:2      | Reached skill level 3 in Dodging
   301 | D:2      | Reached skill level 1 in Unarmed Combat
   301 | D:2      | Reached skill level 1 in Spellcasting
   301 | D:2      | Reached skill level 1 in Conjurations
   301 | D:2      | Reached skill level 1 in Hexes
   301 | D:2      | Reached skill level 1 in Charms
   301 | D:2      | Reached skill level 1 in Summonings
   301 | D:2      | Reached skill level 1 in Necromancy
   301 | D:2      | Reached skill level 1 in Translocations
   301 | D:2      | Reached skill level 1 in Transmutations
   301 | D:2      | Reached skill level 1 in Fire Magic
   301 | D:2      | Reached skill level 1 in Ice Magic
   301 | D:2      | Reached skill level 1 in Air Magic
   301 | D:2      | Reached skill level 1 in Earth Magic
   301 | D:2      | Reached skill level 1 in Poison Magic
   301 | D:2      | Reached skill level 1 in Invocations
   301 | D:2      | Reached skill level 1 in Evocations
   301 | D:2      | Reached XP level 4. HP: 34/35 MP: 3/6
   301 | D:2      | Reached XP level 5. HP: 39/41 MP: 3/7
   385 | D:2      | Found a white marble altar of Elyvilon.
   644 | D:3      | Noticed Robin
   651 | D:3      | Killed Robin
   651 | D:3      | Reached XP level 6. HP: 42/47 MP: 8/8
   731 | D:3      | Reached skill level 2 in Invocations
   744 | D:3      | Reached skill level 3 in Stealth
   765 | D:3      | Reached skill level 2 in Short Blades
   765 | D:3      | Reached skill level 2 in Long Blades
   765 | D:3      | Reached skill level 2 in Axes
   765 | D:3      | Reached skill level 2 in Maces & Flails
   765 | D:3      | Reached skill level 2 in Polearms
   765 | D:3      | Reached skill level 2 in Staves
   765 | D:3      | Reached skill level 2 in Slings
   765 | D:3      | Reached skill level 2 in Crossbows
   765 | D:3      | Reached skill level 2 in Throwing
   765 | D:3      | Reached skill level 5 in Shields
   765 | D:3      | Reached skill level 2 in Unarmed Combat
   765 | D:3      | Reached skill level 2 in Spellcasting
   765 | D:3      | Reached skill level 2 in Evocations
   846 | D:3      | Found an ornate altar of the Wu Jian Council.
   973 | D:3      | Reached XP level 7. HP: 14/52 MP: 10/10
   973 | D:3      | HP: 9/52 [hound (5)]
  1052 | D:5      | Entered Level 5 of the Dungeon
  1142 | D:4      | Killed from afar by a shadow imp

Vault maps used:
D:1:      dpeg_arrival_leaves_temple_mockup, minmay_tripent
D:2:      elyvilon_altar_4, uniq_sigmund
D:3:      marbit_many_paths, gammafunk_ghost_cemetery, first_ration, uniq_robin
D:4:      overflow_temple_1_default, serial_shops, shop, uniq_blork_the_orc
D:5:      lemuel_coloured_pillars_altar, nicolae_ru_awakened_eye

Skill      XL: |  1  2  3  4  5  6 |
---------------+-------------------+-----
Fighting       | 3 |  3.5
Short Blades   | 1 2 |  2.3
Long Blades    | 1 2 |  2.3
Axes           | 1 2 |  2.3
Maces & Flails | 1 2 |  2.3
Polearms       | 1 2 |  2.3
Staves         | 1 2 |  2.3
Slings         | 1 2 |  2.3
Bows           | 3 |  3.5
Crossbows      | 1 2 |  2.3
Throwing       | 1 2 |  2.3
Dodging        | 3 |  3.5
Unarmed Combat | 1 2 |  2.3
Spellcasting   | 1 2 |  2.3
Conjurations   | 1 |  1.9
Hexes          | 1 |  1.9
Charms         | 1 |  1.9
Summonings     | 1 |  1.9
Necromancy     | 1 |  1.9
Translocations | 1 |  1.9
Transmutations | 1 |  1.9
Fire Magic     | 1 |  1.9
Ice Magic      | 1 |  1.9
Air Magic      | 1 |  1.9
Earth Magic    | 1 |  1.9
Poison Magic   | 1 |  1.9
Invocations    | 1 2 |  2.5
Evocations     | 1 2 |  2.3
Stealth        | 3 |  3.3
Shields        | 5 |  5.1
Armour         | |  8.9

Action                   |  1- 3 |  4- 6 |  7- 9 || total
-------------------------+-------+-------+-------++-------
Melee: Spear             |    52 |       |       ||    52
       Bite              |     9 |    15 |     4 ||    28
       Dagger            |    22 |   152 |    26 ||   200
  Use: Scroll            |       |     9 |     2 ||    11
       Potion            |       |       |     1 ||     1
  Eat: Ration            |       |       |     1 ||     1
Armor: Scale mail        |    27 |    42 |    14 ||    83
Dodge: Dodged            |    29 |    56 |     7 ||    92
Block: Buckler           |    18 |    27 |       ||    45
       Shield            |       |    16 |    11 ||    27

Table legend:
 A = Non-vault XP
 B = Vault XP
 C = Vault XP percentage of total XP
 D = Non-vault monster count
 E = Vault monster count
 F = Vault count percentage of total count
                 A         B        C        D         E       F
            +---------+---------+-------+---------+---------+-------
      Total |     511 |     259 |  33.6 |      53 |      15 |  22.1
            +---------+---------+-------+---------+---------+-------
        D:1 |      20 |       3 |  13.0 |      13 |       2 |  13.3
        D:2 |      69 |     208 |  75.1 |      20 |       1 |   4.8
        D:3 |     341 |      48 |  12.3 |      17 |      12 |  41.4
        D:4 |      81 |       0 |   0.0 |       3 |       0 |   0.0
            +---------+---------+-------+---------+---------+-------

Table legend:
 A = Turns spent in this place as a percentage of turns spent in the entire game.
 B = Non-inter-level travel turns spent in this place as a percentage of non-inter-level travel turns spent in the entire game.
 C = Inter-level travel turns spent in this place as a percentage of turns spent in this place.
 D = Turns resting spent in this place as a percentage of non-inter-level travel turns spent in this place.
 E = Turns spent auto-exploring this place as a percentage of non-inter-level travel turns spent in this place.
 F = Non-inter-level travel turns spent in this place divided by the number of levels of this place that you've seen.
                   A       B       C       D       E      F
               +-------+-------+-------+-------+-------+----------------------
         Total | 100.0 | 100.0 |   2.2 |   0.0 |   0.0 | 223.4
       Dungeon | 100.0 | 100.0 |   2.2 |   0.0 |   0.0 | 223.4
               +-------+-------+-------+-------+-------+----------------------

Table legend:
 A = Kills in this place as a percentage of kills in entire the game.
 B = Kills by you in this place as a percentage of kills by you in the entire game.
 C = Kills by friends in this place as a percentage of kills by friends in the entire game.
 D = Other kills in this place as a percentage of other kills in the entire game.
 E = Experience gained in this place as a percentage of experience gained in the entire game.
 F = Experience gained in this place divided by the number of levels of this place that you have seen.
                   A       B       C       D       E      F
               +-------+-------+-------+-------+-------+----------------------
         Total | 100.0 | 100.0 |   N/A |   N/A | 100.0 | 154.0
       Dungeon | 100.0 | 100.0 |   N/A |   N/A | 100.0 | 154.0
               +-------+-------+-------+-------+-------+----------------------

Vault maps used:
D:1:      dpeg_arrival_leaves_temple_mockup, minmay_tripent
D:2:      elyvilon_altar_4, uniq_sigmund
D:3:      marbit_many_paths, gammafunk_ghost_cemetery, first_ration, uniq_robin
D:4:      overflow_temple_1_default, serial_shops, shop, uniq_blork_the_orc
D:5:      lemuel_coloured_pillars_altar, nicolae_ru_awakened_eye
